 Dungeon Crawl Stone Soup version 0.23.0 (webtiles) character file.

Game seed: 17783796733835949271

48510 Gospel the Destroyer (level 14, -18/100 HPs)
             Began as a Mummy Wizard on Feb 16, 2019.
             Was a High Priest of Vehumet.
             Killed from afar by an efreet (46 damage)
             ... with a bolt of fire
             ... on level 14 of the Dungeon.
             The game lasted 02:44:49 (43103 turns).

Gospel the Destroyer (Mummy Wizard)                Turns: 43103, Time: 02:44:50

Health: -18/100    AC: 10    Str: 13    XL:     14   Next: 12%
Magic:  23/38      EV: 13    Int: 25    God:    Vehumet [*****.]
Gold:   186        SH:  9    Dex: 11    Spells: 2/35 levels left

rFire    x . .     SeeInvis +   z - +8 whip "Snakebite" {curare, rPois}
rCold    + + .     Gourm    .   H - +1 buckler {rC+}
rNeg     + + +     Faith    .   f - +2 steam dragon scales
rPois    ∞         Spirit   .   q - +2 hat
rElec    +         Reflect  +   B - scarf {cloud immunity}
rCorr    .         Harm     .   (no gloves)
MR       +....                  m - +0 pair of boots of Precision Catastrophes {Str+2 Int+2}
Stlth    ++........             l - amulet "Helu" {Reflect rF- rN++ Int+2 SH+3 SInv}
HPRegen  0.26/turn              E - ring "Laid" {+Fly rElec rN+}
MPRegen  0.26/turn              o - ring "Sorogod" {*Contam rF+ rN+ MP+9 SInv}

@: no status effects
A: no food or potions, fire vulnerability, cold resistance 1, negative energy
resistance 3, torment resistance, unbreathing, in touch with death 1
a: Renounce Religion, Evoke Flight


You were on level 14 of the Dungeon.
You worshipped Vehumet.
Vehumet was extremely pleased with you.
You were not hungry.

You visited 8 branches of the dungeon, and saw 27 of its levels.
You also visited: Sewer.

You collected 1710 gold pieces.
You spent 1524 gold pieces at shops.

Inventory:

Hand Weapons
 g - a +3 blowgun
 h - the +7 mace of Variability {chain chaos}
   (You found it on level 13 of the Dungeon)

   Each time it hits an enemy it has a different, random effect.
 z - the +8 whip "Snakebite" (weapon) {curare, rPois}
   (You found it on level 3 of the Lair of Beasts)

   It poisons the flesh of those it strikes.
   It protects you from poison.
Missiles
 j - 117 poisoned needles
 w - a throwing net (quivered)
Armour
 b - the +5 leather armour of the Ego {Regen+}
   (You bought it in a shop on level 2 of the Orcish Mines)

   It increases your rate of regeneration.
 f - +2 steam dragon scales (worn)
 m - the +0 pair of boots of Precision Catastrophes (worn) {Str+2 Int+2}
   (You bought it in a shop on level 8 of the Dungeon)

   It affects your strength (+2).
   It affects your intelligence (+2).
 q - a +2 hat (worn)
 t - the +18 shield of the Gong {rElec rN+ MR+ EV-5}
   (You took it off Donald on level 2 of the Orcish Mines)

   It affects your evasion (-5).
   It insulates you from electricity.
   It protects you from negative energy.
   It affects your resistance to hostile enchantments.
 B - a scarf of cloud immunity (worn)
 H - a +1 buckler of cold resistance (worn)
Magical Staves
 D - an uncursed staff of cold
Jewellery
 l - the amulet "Helu" (around neck) {Reflect rF- rN++ Int+2 SH+3 SInv}
   (You bought it in a shop on level 11 of the Dungeon)

   [amulet of reflection]

   It shields you and reflects attacks.
   It affects your intelligence (+2).
   It makes you vulnerable to fire.
   It greatly protects you from negative energy.
   It lets you see invisible.
   It affects your SH (+3).
 o - the ring "Sorogod" (right hand) {*Contam rF+ rN+ MP+9 SInv}
   (You bought it in a shop on level 2 of the Orcish Mines)

   [ring of magical power]

   It protects you from fire.
   It protects you from negative energy.
   It affects your magic capacity (+9).
   It lets you see invisible.
   It causes magical contamination when unequipped.
 E - the ring "Laid" (left hand) {+Fly rElec rN+}
   (You found it on level 13 of the Dungeon)

   [ring of positive energy]

   It insulates you from electricity.
   It protects you from negative energy.
   It lets you fly.
Wands
 a - a wand of acid (8)
 c - a wand of disintegration (10)
 s - a wand of paralysis (14)
 x - a wand of random effects (25)
 A - a wand of polymorph (8)
 F - a wand of flame (20)
Scrolls
 d - 2 scrolls of fog
 e - 9 scrolls of remove curse
 i - a scroll of identify
 k - a scroll of noise
 n - a scroll of torment
 p - a scroll of blinking
 r - 2 scrolls of amnesia
 G - a scroll of teleportation


   Skills:
 - Level 6.2 Fighting
 - Level 10.8 Maces & Flails
 - Level 3.0 Dodging
 - Level 1.5 Stealth
 + Level 5.1 Shields
 - Level 11.0 Spellcasting
 - Level 11.6 Conjurations
 - Level 7.3 Summonings
 - Level 2.3 Translocations
 - Level 3.5 Fire Magic
 - Level 3.3 Ice Magic
 - Level 4.5 Air Magic
 - Level 3.3 Earth Magic
 - Level 1.0 Poison Magic
 - Level 3.2 Evocations


You had 2 spell levels left.
You knew the following spells:

 Your Spells              Type           Power        Failure   Level  Hunger
a - Magic Dart            Conj           ####         1%          1    N/A
b - Blink                 Tloc           N/A          2%          2    N/A
c - Call Imp              Summ           ######..     1%          2    N/A
d - Conjure Flame         Conj/Fire      ######..     1%          3    N/A
e - Mephitic Cloud        Conj/Pois/Air  #####...     1%          3    N/A
f - Call Canine Familiar  Summ           ######..     1%          3    N/A
g - Ignite Poison         Fire/Tmut/Pois ###.....     1%          3    N/A
h - Summon Lightning Spi  Summ/Air       #####...     3%          4    N/A
i - Summon Guardian Gole  Hex/Summ       ####....     3%          3    N/A
j - Summon Ice Beast      Ice/Summ       #####...     4%          4    N/A
k - Lee's Rapid Deconstr  Erth           ####......   9%          5    N/A

Your spell library contained the following spells:

 Spells                   Type           Power        Failure   Level  Hunger
 Flame Tongue             Conj/Fire      #####        1%          1    N/A
 Shock                    Conj/Air       ####         1%          1    N/A
 Summon Small Mammal      Summ           ####         1%          1    N/A
 Searing Ray              Conj           ######       1%          2    N/A
 Corona                   Hex            ##.....      4%          1    N/A
 Slow                     Hex            ##......     7%          2    N/A
 Inner Flame              Hex/Fire       ###.....     1%          3    N/A
 Bolt of Magma            Conj/Fire/Erth #####.....   2%          5    N/A
 Portal Projectile        Hex/Tloc       ###...       9%          3    N/A
 Freezing Cloud           Conj/Ice/Air   #####.....   13%         6    N/A
 Leda's Liquefaction      Hex/Erth       ###.......   22%         4    N/A
 Cause Fear               Hex            ##........   41%         4    N/A

Dungeon Overview and Level Annotations

Branches:
Dungeon (15/15)            Temple (1/1) D:7            Lair (5/6) D:11
 Shoals (1/4) Lair:2       Spider (1/4) Lair:2          Orc (2/2) D:10
    Elf (1/3) Orc:2        Vaults (0/5) D:14         Depths (1/5) D:15
  Slime: Lair:5-6

Altars:
Ashenzari
Cheibriados
Dithmenos
Elyvilon
Fedhas
Gozag
Hepliaklqana
Kikubaaqudgha
Makhleb
Nemelex Xobeh
Okawaru
Qazlal
Ru
Sif Muna
Trog
Uskayaw
Vehumet
Wu Jian
Xom
Yredelemnul
Zin
The Shining One

Shops:
D:8 *   D:9 ==!*   D:11 [!=*   D:13 [   Orc:2 [=?[   Shoals:1 (

Annotations:
Lair:3 exclusion: lightning spire
Spider:1 Josephine


Innate Abilities, Weirdness & Mutations

You do not eat or drink.
Your flesh is vulnerable to fire.
You are immune to poison.
Your flesh is cold resistant. (rC+)
You are immune to negative energy. (rN+++)
You are immune to unholy pain and torment.
You can survive without breathing.
You are in touch with the powers of death.


Message History

Evoke which item? (* to show all) (? for menu, Esc to quit)
Aiming: Iceblast
Press: ? - help, Shift-Dir - straight line, f/p - efreet
Aim: an efreet, wielding a +3 scimitar of flaming (moderately wounded)
The mass of ice explodes!
The iceblast engulfs the efreet!
The efreet is frozen!
The efreet is severely wounded.
The efreet gestures at you. The bolt of fire misses you.
Unknown command.
Evoke which item? (* to show all) (? for menu, Esc to quit)
Aiming: Iceblast
Press: ? - help, Shift-Dir - straight line, f/p - efreet
Aim: an efreet, wielding a +3 scimitar of flaming (severely wounded)
The mass of ice explodes!
The iceblast engulfs the efreet.
The efreet is severely wounded.
The now-empty wand crumbles to dust.
The efreet gestures at you. The bolt of fire hits you!!!
The fire burns you terribly!
You die...

.####...........<.####..#
## ##........#########.#
# ##.......#.......#.#
##.......#...∩...#.#
##..[[.####.......#.#
##.......######'####.#
##......#)....).....[.#
#......†#○#...........#
#.........§##..@...)..##
#########..##########R##
.......##....##....#.○#
.......☼°....##'####..#
.u....○##○○☼..#....'.h#
.########(..○.####h####
#.......).##R8○R..#
##........#..######
##.......e.##


You could see an efreet.

Vanquished Creatures
  Donald (Orc:2)
  A minotaur (shapeshifter) (D:14)
  A catoblepas (D:13)
  2 hydras
  3 centaur warriors
  2 ogre magi (D:15)
  A tengu warrior (D:14)
  5 two-headed ogres
  2 orc high priests (Orc:2)
  6 ugly things
  An orc sorcerer (Orc:1)
  5 orc knights
  A deep elf mage (D:14)
  2 cyclopes
  A wolf spider (shapeshifter) (D:15)
  A manticore (D:13)
  4 black mambas
  A spiny frog (Lair:2)
  An efreet (D:15)
  3 centaur skeletons (D:15)
  A demonic crawler (Lair:2)
  2 komodo dragons
  A troll (Orc:2)
  A tengu conjurer (D:15)
  A troll (shapeshifter) (D:15)
  5 blink frogs
  2 hornets (shapeshifter)
  A harpy skeleton (D:15)
  8 slime creatures
  5 hippogriffs
  A wyvern (D:15)
  An air elemental (Elf:1)
  A tarantella (Spider:1)
  A yak (Lair:4)
  2 chaos spawn (D:13)
  3 vampire mosquitoes (D:15)
  A warg (D:15)
  A soldier ant (D:8)
  3 water moccasins
  A floating eye (shapeshifter) (D:13)
  13 orc warriors
  3 porcupines
  3 ice beasts
  2 sky beasts
  Purgy (Sewer)
  2 black bears
  An eye of draining (D:14)
  7 ogres
  A wolf (D:11)
  2 phantoms
  2 centaurs (D:11)
  4 bullfrogs
  Blork the orc (D:6)
  4 scorpions
  10 killer bees
  2 electric eels
  2 crimson imps
  3 centaur zombies
  A bullfrog zombie (D:11)
  6 hounds
  3 jellies
  9 orc wizards
  2 quasits
  8 orc priests
  Terence (D:3)
  5 worker ants
  A hound skeleton (D:4)
  Robin (D:3)
  5 gnolls
  A howler monkey skeleton (D:4)
  7 adders
  2 shadow imps (D:8)
  An ooze (D:2)
  4 dart slugs
  6 leopard geckos
  36 orcs
  11 bats
  7 giant cockroaches
  8 goblins
  3 hobgoblins
  3 jackals
  9 kobolds
  3 quokkas
  2 ball pythons
  7 frilled lizards
  A jackal skeleton (D:4)
  A quokka zombie (D:8)
  16 rats
319 creatures vanquished.

Vanquished Creatures (collateral kills)
  A hydra (D:15)
  A centaur warrior (D:14)
  4 two-headed ogres
  3 orc high priests (Orc:2)
  A glowing orange brain (D:15)
  A wizard (D:15)
  A necromancer (D:14)
  2 deep elf magi
  4 ugly things
  3 cyclopes
  A manticore (D:8)
  Maurice (D:9)
  2 centaur zombies
  A centaur skeleton (D:14)
  3 spiny frogs
  2 komodo dragons
  2 jumping spiders (Lair:2)
  A meliai (shapeshifter) (D:15)
  A queen bee (Lair:1)
  9 trolls
  11 blink frogs
  8 hippogriffs
  3 slime creatures
  A shadow (D:15)
  3 wraiths
  2 vampires
  A wyvern (D:10)
  A redback (Lair:2)
  A hog (Lair:4)
  A basilisk (shapeshifter) (D:15)
  5 yaks
  A fire elemental (Elf:1)
  A steam dragon (D:9)
  4 basilisks
  A hungry ghost (D:13)
  3 vampire mosquitoes
  A warg (D:10)
  An acid dragon (D:14)
  12 water moccasins
  23 orc warriors
  6 porcupines
  A black bear (shapeshifter) (D:15)
  An eye of draining (D:13)
  2 ice beasts (D:11)
  5 ogres
  6 centaurs
  2 crocodiles
  3 big kobolds
  11 bullfrogs
  A scorpion (D:9)
  18 killer bees
  4 howler monkeys
  4 crimson imps
  A quasit (D:6)
  3 jellies
  4 bullfrog skeletons
  18 orc priests
  7 hounds
  14 orc wizards
  An iguana (D:7)
  5 worker ants
  A hound skeleton (D:10)
  4 gnolls
  9 adders
  3 shadow imps
  2 worms (D:2)
  A dart slug (D:3)
  A leopard gecko (D:7)
  32 orcs
  3 bats
  2 giant cockroaches
  13 goblins
  3 hobgoblins
  4 jackals
  A quokka (D:3)
  8 kobolds
  4 rats
  A fungus (Lair:3)
337 creatures vanquished.

Vanquished Creatures (others)
  A wolf spider (D:14)
  A slime creature (D:15)
  A sky beast (D:15)
  3 ogres
  A centaur (D:12)
  2 killer bees
  10 fungi
  13 plants (Lair:4)
32 creatures vanquished.

Grand Total: 688 creatures vanquished

Notes
Turn   | Place    | Note
-------+----------+-------------------------------------------
     0 | D:1      | Gospel the Mummy Wizard began the quest for the Orb.
     0 | D:1      | Reached XP level 1. HP: 13/13 MP: 5/5
    40 | D:1      | Reached skill level 1 in Conjurations
   811 | D:3      | Found a basalt altar of Yredelemnul.
   811 | D:3      | Noticed a bullfrog
   811 | D:3      | Noticed a wraith
  1054 | D:2      | Reached XP level 2. HP: 9/19 MP: 4/7
  1058 | D:2      | Learned a level 2 spell: Blink
  1061 | D:2      | Learned a level 2 spell: Call Imp
  1485 | D:2      | Found a shadowy altar of Dithmenos.
  2212 | D:2      | Reached XP level 3. HP: 24/24 MP: 5/9
  2351 | D:2      | Learned a level 3 spell: Conjure Flame
  2355 | D:2      | Learned a level 3 spell: Mephitic Cloud
  2945 | D:2      | Reached skill level 5 in Spellcasting
  3760 | D:1      | Reached XP level 4. HP: 30/30 MP: 11/11
  3779 | D:1      | Reached skill level 1 in Summonings
  4286 | D:3      | Noticed Terence
  4562 | D:3      | Noticed Robin
  5300 | D:2      | Reached XP level 5. HP: 21/35 MP: 1/12
  5480 | D:3      | Killed Terence
  5714 | D:3      | Killed Robin
  6029 | D:3      | Found a transporter.
  6053 | D:3      | Found a transporter.
  6168 | D:4      | Got a shimmering leather armour
  6180 | D:4      | Identified the +1 leather armour "Noefeuge" {rElec rPois
                  | Int-2} (You found it on level 4 of the Dungeon)
  6378 | D:4      | Reached skill level 1 in Fire Magic
  6384 | D:4      | Found a deep blue altar of Sif Muna.
  6474 | D:4      | Reached skill level 1 in Air Magic
  6577 | D:4      | Found a glowing drain.
  6624 | Sewer    | Entered a sewer
  6694 | Sewer    | Noticed Purgy
  6716 | Sewer    | Killed Purgy
  6716 | Sewer    | Reached XP level 6. HP: 33/41 MP: 2/13
  7459 | D:5      | Entered Level 5 of the Dungeon
  7891 | D:5      | Reached XP level 7. HP: 44/46 MP: 14/14
  8733 | D:6      | Noticed Blork the orc
  9437 | D:6      | Reached XP level 8. HP: 21/52 MP: 1/15
  9621 | D:6      | Learned a level 3 spell: Call Canine Familiar
  9999 | D:6      | Killed Blork the orc
  9999 | D:6      | Reached skill level 1 in Translocations
 10546 | D:6      | Reached skill level 5 in Conjurations
 10546 | D:6      | Reached skill level 1 in Poison Magic
 10896 | D:7      | Learned a level 3 spell: Portal Projectile
 11771 | D:7      | Found a staircase to the Ecumenical Temple.
 11807 | Temple   | Entered the Ecumenical Temple
 12781 | D:8      | Noticed a hippogriff
 12801 | D:8      | Killed a hippogriff
 13004 | D:8      | Noticed a hippogriff
 13015 | D:8      | Reached XP level 9. HP: 27/57 MP: 6/19
 13332 | D:8      | Found a burning altar of Makhleb.
 13578 | D:8      | Noticed a manticore
 14149 | D:9      | Learned a level 4 spell: Summon Lightning Spire
 14339 | D:9      | Found Sophuchi's Jewellery Boutique.
 14382 | D:9      | Found Zopilaech's Jewellery Shop.
 14554 | D:9      | Noticed Maurice
 14611 | D:8      | Found Nawk's General Store.
 14619 | D:8      | Bought the +0 pair of boots of Precision Catastrophes
                  | {Str+2 Int+2} for 199 gold pieces
 14988 | D:10     | Entered Level 10 of the Dungeon
 15633 | D:10     | Reached skill level 1 in Fighting
 15692 | D:10     | Found a staircase to the Orcish Mines.
 16168 | D:11     | Found Efaceam's Armour Boutique.
 16190 | D:11     | Found Veraffan's Jewellery Shoppe.
 16380 | D:10     | Reached XP level 10. HP: 50/67 MP: 5/22
 16541 | D:9      | Killed Maurice
 16743 | D:9      | Found Ighoreatt's Distillery.
 17045 | D:9      | Found Gigi's Assorted Antiques.
 17142 | D:10     | Reached skill level 5 in Summonings
 17378 | D:10     | Found a stormy altar of Qazlal.
 17585 | Orc:1    | Entered Level 1 of the Orcish Mines
 17589 | Orc:1    | Noticed an orc sorcerer
 17796 | D:11     | Noticed a cyan ugly thing
 18422 | D:11     | Found Siuj's General Store.
 18634 | D:11     | Noticed a cyclops
 18675 | D:12     | Noticed a red ugly thing
 18703 | D:12     | Reached skill level 1 in Evocations
 19159 | D:11     | Found Fyufecye's Distillery.
 19225 | D:11     | Found a staircase to the Lair.
 19321 | Lair:1   | Entered Level 1 of the Lair of Beasts
 19326 | Lair:1   | Identified Ostryst's Incunabulum of Attacks and the Rocks
 19326 | Lair:1   | Noticed a black mamba
 19349 | D:11     | HP: 2/72 [black mamba (3)]
 19355 | D:11     | Killed a black mamba
 19704 | D:11     | Killed a cyan ugly thing
 19814 | D:11     | Killed a cyclops
 21056 | D:11     | Bought the amulet "Helu" {Reflect rF- rN++ Int+2 SH+3 SInv}
                  | for 380 gold pieces
 21490 | D:3      | Reached XP level 11. HP: 70/77 MP: 13/23
 21634 | D:8      | Learned a level 3 spell: Summon Guardian Golem
 22422 | D:12     | Killed a red ugly thing
 22779 | D:4      | Found a snail-covered altar of Cheibriados.
 23088 | D:4      | Found a radiant altar of Vehumet.
 23090 | D:4      | Found an iron altar of Okawaru.
 23174 | D:4      | Became a worshipper of Vehumet
 23330 | D:13     | Noticed a two-headed ogre
 23675 | D:12     | Noticed a two-headed ogre
 23688 | D:12     | Killed a two-headed ogre
 23792 | D:13     | Found a shimmering altar of Xom.
 23968 | D:13     | Noticed a deep elf mage
 24880 | D:10     | Reached skill level 1 in Maces & Flails
 25324 | D:13     | Killed a deep elf mage
 25395 | D:13     | Found the +7 mace of Variability {chain chaos}
 25572 | D:13     | Got a vibrating bone ring
 25573 | D:13     | Identified the ring "Laid" {+Fly rElec rN+} (You found it
                  | on level 13 of the Dungeon)
 25958 | D:13     | Found Eczuastruiqa's Armour Emporium.
 25988 | D:13     | Killed a two-headed ogre
 26267 | D:13     | Reached skill level 5 in Maces & Flails
 26283 | D:13     | Noticed a catoblepas
 26383 | D:13     | Reached * piety under Vehumet
 26383 | D:13     | Offered knowledge of Sandblast by Vehumet.
 26549 | D:13     | Killed a catoblepas
 26922 | D:14     | Noticed a two-headed ogre
 26931 | D:14     | Noticed a deep elf mage
 26939 | D:14     | Killed a two-headed ogre
 26945 | D:14     | Killed a deep elf mage
 26961 | D:14     | Noticed a tengu warrior
 26963 | D:14     | Noticed a necromancer
 27164 | D:14     | Noticed a centaur warrior
 27273 | D:14     | Noticed a two-headed ogre
 27273 | D:14     | Noticed a two-headed ogre
 27581 | D:14     | Killed a necromancer
 27678 | D:14     | Found a gate to the Vaults.
 27688 | D:14     | Killed a centaur warrior
 27962 | D:14     | Killed a tengu warrior
 28145 | D:14     | Killed a two-headed ogre
 28145 | D:14     | Reached XP level 12. HP: 67/83 MP: 15/25
 28244 | D:14     | Noticed a centaur warrior
 28449 | D:14     | Noticed a fire dragon
 28481 | D:15     | Entered Level 15 of the Dungeon
 29059 | Lair:1   | Offered knowledge of Sting by Vehumet.
 29104 | Lair:1   | Reached ** piety under Vehumet
 29265 | Lair:1   | Offered knowledge of Ignite Poison by Vehumet.
 29369 | Lair:1   | Learned a level 3 spell: Ignite Poison
 29636 | Lair:1   | Noticed an eight-headed hydra
 29643 | Lair:1   | Killed an eight-headed hydra
 29995 | Lair:1   | Found a glowing silver altar of Zin.
 30138 | Lair:1   | Identified a scroll of acquirement
 30858 | Lair:2   | Found a staircase to the Shoals.
 30862 | Lair:2   | Found a hole to the Spider Nest.
 30874 | Lair:2   | Reached *** piety under Vehumet
 31315 | Lair:2   | Got a pitted leather armour
 31713 | Lair:3   | Noticed a seven-headed hydra
 31722 | Lair:3   | Killed a seven-headed hydra
 31722 | Lair:3   | Reached skill level 10 in Conjurations
 32184 | Lair:3   | Offered knowledge of Static Discharge by Vehumet.
 32383 | Lair:3   | Reached skill level 10 in Maces & Flails
 32493 | Lair:3   | Found the +8 whip "Snakebite" {curare, rPois}
 32671 | Lair:3   | Identified the +1 leather armour of Pessimism {MR+} (You
                  | found it on level 2 of the Lair of Beasts)
 32820 | Lair:4   | Noticed a catoblepas
 32820 | Lair:4   | Noticed a catoblepas
 34238 | Lair:4   | Learned a level 4 spell: Summon Ice Beast
 34598 | Lair:4   | Reached **** piety under Vehumet
 35498 | Lair:5   | Noticed a four-headed hydra
 35848 | Orc:1    | Offered knowledge of Fireball by Vehumet.
 36123 | Orc:2    | Entered Level 2 of the Orcish Mines
 36667 | Orc:2    | Found a staircase to the Elven Halls.
 36701 | Orc:2    | Gained mutation: You are in touch with the powers of death.
                  | [Mummy growth]
 36701 | Orc:2    | Reached XP level 13. HP: 50/90 MP: 10/26
 36708 | Orc:2    | Reached skill level 10 in Spellcasting
 36728 | Orc:2    | Noticed Donald
 36968 | Orc:2    | Killed Donald
 36974 | Orc:2    | Reached skill level 5 in Fighting
 37352 | Orc:2    | Reached ***** piety under Vehumet
 37406 | Orc:2    | Offered knowledge of Lee's Rapid Deconstruction by Vehumet.
 37851 | Orc:2    | Learned a level 5 spell: Lee's Rapid Deconstruction
 38074 | Orc:2    | Reached skill level 1 in Ice Magic
 38074 | Orc:2    | Reached skill level 1 in Earth Magic
 38158 | Orc:2    | Found Oruvion's Antique Armour Shop.
 38158 | Orc:2    | Found Kugolari's Jewellery Shop.
 38159 | Orc:2    | Found Nagywia's Magic Scroll Boutique.
 38159 | Orc:2    | Found Onnysuhuy's Antique Armour Shop.
 38171 | Orc:2    | Bought a runed buckler for 195 gold pieces
 38204 | Orc:2    | Bought a twisted leather armour for 175 gold pieces
 38206 | Orc:2    | Bought a scroll of identify for 30 gold pieces
 38206 | Orc:2    | Bought a scroll of identify for 30 gold pieces
 38206 | Orc:2    | Identified the +5 leather armour of the Ego {Regen+} (You
                  | bought it in a shop on level 2 of the Orcish Mines)
 38231 | Orc:2    | Bought the ring "Sorogod" {*Contam rF+ rN+ MP+9 SInv} for
                  | 515 gold pieces
 38936 | Elf:1    | Entered Level 1 of the Elven Halls
 39349 | D:15     | Reached skill level 1 in Shields
 40495 | D:15     | Noticed a minotaur
 40497 | D:15     | Noticed a dire elephant
 40497 | D:15     | a minotaur changed into a dire elephant
 40504 | D:15     | Noticed an emperor scorpion
 40504 | D:15     | a dire elephant changed into an emperor scorpion
 40511 | D:15     | Noticed an azure jelly
 40522 | D:15     | Noticed an emperor scorpion
 40522 | D:15     | a death yak changed into an emperor scorpion
 40532 | D:15     | Noticed an azure jelly
 40532 | D:15     | an emperor scorpion changed into an azure jelly
 40538 | D:15     | Noticed a minotaur
 40540 | D:15     | a minotaur changed into a queen ant
 40548 | D:15     | Noticed a spark wasp
 40554 | D:15     | a spark wasp changed into a wolf spider
 41111 | D:15     | Found a staircase to the Depths.
 41122 | Depths:1 | Entered Level 1 of the Depths
 41840 | Spider:1 | Entered Level 1 of the Spider Nest
 41854 | Spider:1 | Noticed Josephine
 42054 | Shoals:1 | Entered Level 1 of the Shoals
 42054 | Shoals:1 | Found Tuor's Weapon Emporium.
 42938 | D:14     | Reached XP level 14. HP: 100/100 MP: 27/29
 42968 | D:14     | Noticed an entropy weaver
 42973 | D:14     | Noticed an emperor scorpion
 42973 | D:14     | an entropy weaver changed into an emperor scorpion
 42984 | D:14     | Noticed a storm dragon
 42984 | D:14     | an emperor scorpion changed into a storm dragon
 42988 | D:14     | Noticed an entropy weaver
 42988 | D:14     | a storm dragon changed into an entropy weaver
 42991 | D:14     | an entropy weaver changed into a queen ant
 43006 | D:14     | Reached skill level 5 in Shields
 43103 | D:14     | Killed from afar by an efreet

Skill      XL: |  1  2  3  4  5  6  7  8  9 10 11 12 13 14 |
---------------+-------------------------------------------+-----
Conjurations   | 1 2 3 4 5 7 8 9 10 11 | 11.6
Spellcasting   | 5 6 8 9 11 | 11.0
Summonings     | 1 2 4 5 6 7 |  7.3
Fire Magic     | 1 2 3 |  3.5
Air Magic      | 1 2 3 4 |  4.5
Translocations | 2 |  2.3
Poison Magic   | 1 |  1.0
Fighting       | 2 4 6 |  6.2
Evocations     | 3 |  3.2
Dodging        | 3 |  3.0
Maces & Flails | 7 10 | 10.8
Ice Magic      | 3 |  3.3
Earth Magic    | 3 |  3.3
Shields        | 3 5 |  5.1
Stealth        | |  1.5

Action                   |  1- 3 |  4- 6 |  7- 9 | 10-12 | 13-15 || total
-------------------------+-------+-------+-------+-------+-------++-------
Melee: Unarmed           |    32 |       |       |       |       ||    32
       Flail             |     5 |       |       |       |       ||     5
       Spear             |    14 |   159 |   271 |   119 |       ||   563
       Whip              |       |       |     7 |    45 |   170 ||   222
       Great mace        |       |       |       |    64 |       ||    64
 Fire: Blowgun           |       |       |    10 |    11 |       ||    21
Throw: Stone             |    30 |       |       |       |       ||    30
 Cast: Magic Dart        |    89 |    19 |    25 |    47 |    23 ||   203
       Call Imp          |    12 |    27 |    40 |     9 |       ||    88
       Blink             |     1 |     1 |     6 |    20 |    11 ||    39
       Mephitic Cloud    |       |    14 |    37 |    85 |    64 ||   200
       Conjure Flame     |       |     6 |    18 |    35 |    16 ||    75
       Call Canine Famil |       |       |    37 |    79 |    20 ||   136
       Summon Lightning  |       |       |    11 |   149 |    63 ||   223
       Portal Projectile |       |       |     2 |     5 |       ||     7
       Summon Guardian G |       |       |       |    29 |    12 ||    41
       Ignite Poison     |       |       |       |     9 |    13 ||    22
       Summon Ice Beast  |       |       |       |     8 |    30 ||    38
Evoke: Wand              |       |       |    18 |    25 |    17 ||    60
       Phantom mirror    |       |       |       |       |     1 ||     1
  Use: Scroll            |       |     5 |     8 |    22 |     4 ||    39
 Stab: Sleeping          |     1 |     5 |     4 |       |       ||    10
       Confused          |       |     3 |    11 |     4 |     7 ||    25
       Distracted        |       |       |     6 |     3 |     3 ||    12
       Paralysed         |       |       |       |     4 |       ||     4
Armor: Robe              |    26 |    27 |    31 |       |       ||    84
       Steam dragon scal |       |       |    18 |   103 |    35 ||   156
Dodge: Dodged            |    96 |   121 |   160 |   233 |    68 ||   678
Block: Other             |       |       |       |    28 |     6 ||    34
       Buckler           |       |       |       |       |    41 ||    41
       Reflection        |       |       |       |       |     8 ||     8
